Map: King's Cove LE

Players

HeroMarine - Winner!

  • Race: Terran Terran
  • Spawn Location: 5:00

Rex

  • Race: Zerg Zerg
  • Spawn Location: 11:00

Event: 2019 WCS Spring

VOD

Have the link to the VOD?

Description

Time

  • Played on: May 17, 2019, 1:36 p.m.
  • Length: 11:03

All games in this series

Show
View Real Time Build Order
Export as new Build Order

HeroMarine Terran - Winner!

Build Orders: Reaper Expand, Mech 

Get SALT Encoding   

  12  0:00  SCV  
  13  0:12  SCV  
  14  0:17  Supply Depot  
  14  0:25  SCV  
  15  0:39  SCV  
  15  0:40  Barracks  
  16  0:44  Refinery  
  16  0:51  SCV  
  17  1:03  SCV  
  18  1:15  SCV  
  19  1:27  Reaper, Orbital Command  
  20  1:43  Command Center  
  20  1:53  SCV  
  21  1:58  Supply Depot  
  21  1:59  Marine  
  22  2:05  SCV  
  23  2:12  Factory  
  23  2:19  Marine  
  23  2:20  SCV  
  25  2:24  Refinery  
  25  2:32  SCV  
  26  2:40  Barracks Reactor  
  27  2:44  SCV  
  26  2:56  SCV  
  27  3:04  Hellion  
  29  3:08  SCV  
  29  3:11  Starport  
  30  3:17  Marine  
  31  3:24  SCV, Marine  
  31  3:25  Orbital Command  
  33  3:30  Factory Tech Lab  
  33  3:35  Marine  
  33  3:36  SCV  
  35  3:42  Marine  
  35  3:49  SCV, Medivac, Siege Tank  
  35  3:52  Marine  
  35  3:53  SCV  
  43  4:00  Marine  
  43  4:01  SCV  
  45  4:03  Supply Depot  
  45  4:05  SCV  
  45  4:07  Liberator  
  45  4:09  Supply Depot  
  46  4:24  SCV x2, Marine x2  
  46  4:28  Supply Depot  
  53  4:36  SCV x2  
  55  4:46  Marine x2  
  55  4:48  SCV x2  
  55  4:50  Command Center  
  55  4:52  Siege Tank  
  62  5:01  SCV x2  
  60  5:08  Refinery  
  60  5:09  Refinery  
  60  5:13  SCV x2  
  65  5:20  Viking  
  65  5:21  Marine x2  
  65  5:23  Supply Depot  
  65  5:25  SCV x2  
  68  5:37  SCV x2  
  70  5:45  Siege Tank  
  70  5:49  SCV x2, Marine x2  
  77  5:53  Liberator  
  76  6:01  SCV  
  78  6:05  Orbital Command  
  78  6:08  Marine x2  
  83  6:17  Siege Tank  
  83  6:18  Factory  
  85  6:19  Factory  
  85  6:24  SCV x2  
  87  6:31  SCV  
  88  6:36  Armory, SCV x2  
  90  6:48  SCV  
  90  6:49  SCV, Cyclone  
  90  6:51  Mag-Field Accelerator  
  92  6:55  Factory  
  92  6:58  SCV  
  93  7:04  Factory Tech Lab  
  93  7:09  SCV  
  93  7:11  Factory  
  93  7:12  Engineering Bay, Supply Depot  
  94  7:16  SCV x2  
  94  7:21  Cyclone  
  97  7:23  Cyclone  
  97  7:28  Terran Vehicle And Ship Armor Level 1  
  97  7:29  SCV, Supply Depot  
  106  7:30  SCV, Hellion x2  
  106  7:42  Factory Reactor  
  105  7:48  SCV x2  
  112  7:51  Hellion x2  
  112  7:53  Cyclone  
  112  7:55  Cyclone  
  112  7:58  Factory Tech Lab  
  117  7:59  Supply Depot  
  117  8:03  SCV  
  117  8:04  SCV  
  119  8:09  Supply Depot  
  123  8:13  Hellion x2  
  123  8:15  Orbital Command  
  125  8:20  Supply Depot  
  125  8:21  Cyclone  
  125  8:25  Cyclone  
  125  8:26  Missile Turret x2  
  129  8:28  Widow Mine  
  129  8:30  Widow Mine  
  129  8:32  Refinery  
  133  8:35  Cyclone  
  133  8:38  Refinery  
  136  8:50  Hellion x2  
  136  8:52  Hellion  
  136  8:53  Hellion, Cyclone  
  136  8:55  Hellion  
  142  8:58  Cyclone  
  142  8:59  Supply Depot  
  142  9:00  Missile Turret  
  145  9:06  Infernal Pre-Igniter, Hellion  
  147  9:12  Cyclone  
  150  9:21  Starport Tech Lab  
  150  9:22  Hellion  
  152  9:24  Hellion  
  152  9:25  Hellion, Cyclone  
  152  9:30  Cyclone  
  162  9:36  Hellion  
  164  9:42  Supply Depot  
  164  9:43  Supply Depot  
  164  9:46  Supply Depot  
  164  10:04  Hellion x2, Cyclone x3  
  164  10:05  Hellion  
  164  10:06  Hellion, Supply Depot  
  181  10:27  Hellion x3  
  166  10:39  Hellion  
  161  10:57  Command Center, Factory  
  161  10:58  Factory  
Show
View Real Time Build Order
Export as new Build Order

Rex Zerg 

Build Orders: Pool First, Muta Ling Bane 

Get SALT Encoding   

  12  0:01  Drone  
  13  0:13  Overlord  
  13  0:17  Drone  
  14  0:32  Drone x2  
  16  0:41  Spawning Pool  
  15  0:45  Drone  
  16  0:50  Drone  
  17  1:11  Hatchery  
  16  1:14  Drone  
  17  1:28  Extractor, Zergling x6  
  19  1:34  Queen  
  21  1:42  Overlord  
  21  1:53  Drone  
  22  2:00  Drone  
  23  2:11  Queen  
  23  2:15  Drone  
  26  2:22  Queen  
  26  2:23  Drone  
  26  2:24  Drone  
  29  2:33  Drone  
  29  2:34  Drone  
  31  2:38  Metabolic Boost  
  31  2:43  Overlord  
  31  2:48  Spore Crawler  
  29  2:51  Drone  
  29  2:53  Drone  
  32  3:06  Extractor  
  32  3:09  Overlord, Drone x2  
  33  3:18  Drone  
  33  3:19  Overlord  
  35  3:20  Drone x4  
  35  3:21  Drone  
  39  3:29  Drone  
  39  3:31  Drone  
  40  3:41  Hatchery  
  40  3:43  Drone  
  39  3:48  Drone  
  39  3:49  Drone  
  39  3:50  Drone x2  
  43  3:59  Zergling x4  
  43  4:00  Zergling x2  
  43  4:02  Queen  
  48  4:07  Lair  
  48  4:12  Zergling x6  
  48  4:15  Overlord  
  51  4:20  Drone  
  52  4:32  Zergling x6  
  55  4:41  Queen  
  56  4:47  Overlord, Drone  
  56  4:48  Overlord  
  57  4:54  Zergling x4  
  57  4:55  Zergling x8  
  61  5:07  Nydus Network  
  61  5:11  Queen x2  
  64  5:16  Zergling x2  
  64  5:17  Zergling x18  
  73  5:25  Zergling x2  
  73  5:28  Spore Crawler  
  72  5:30  Queen  
  70  5:37  Zergling x8  
  70  5:38  Zergling x2  
  72  5:44  Zergling x4  
  72  5:45  Zergling x4  
  72  5:46  Queen  
  72  5:48  Nydus Canal  
  78  5:53  Zergling x2  
  78  5:54  Zergling x8  
  78  5:56  Zergling x2  
  83  6:00  Zergling x2  
  83  6:03  Drone  
  83  6:10  Drone x5  
  88  6:15  Drone  
  88  6:16  Nydus Canal  
  89  6:20  Overlord  
  89  6:21  Overlord  
  89  6:23  Overseer  
  89  6:26  Overlord  
  89  6:28  Overlord  
  89  6:34  Nydus Canal  
  89  6:40  Drone x3, Baneling Nest  
  89  6:41  Overlord, Drone x2  
  89  6:44  Drone x2  
  89  6:45  Drone  
  96  6:47  Drone  
  96  6:49  Drone  
  96  6:53  Overlord  
  98  6:57  Drone x4  
  98  7:00  Drone  
  103  7:01  Evolution Chamber  
  103  7:02  Drone  
  103  7:03  Evolution Chamber  
  103  7:08  Drone x2  
  104  7:09  Drone  
  104  7:13  Drone x2  
  104  7:15  Drone  
  108  7:16  Extractor, Drone x2  
  108  7:17  Drone  
  108  7:18  Extractor, Drone  
  108  7:19  Extractor  
  108  7:22  Drone x2  
  108  7:26  Centrifical Hooks, Drone  
  108  7:28  Drone x2  
  109  7:38  Drone  
  109  7:39  Drone x2  
  109  7:45  Drone x2  
  109  7:46  Drone  
  110  7:57  Spore Crawler x2  
  103  8:06  Hatchery  
  101  8:15  Drone x4  
  101  8:16  Hatchery, Spire  
  103  8:25  Zerg Ground Armor Level 1  
  103  8:29  Zergling x2  
  103  8:30  Zergling x22  
  114  8:35  Nydus Canal  
  114  8:47  Zergling x2  
  114  8:48  Zergling x10  
  103  8:55  Extractor  
  103  8:57  Zerg Melee Weapons Level 1  
  103  9:01  Nydus Canal  
  102  9:06  Overlord  
  102  9:17  Baneling x3  
  102  9:18  Overlord, Baneling x3  
  102  9:19  Zergling x12  
  102  9:20  Zergling x8  
  112  9:24  Drone x2  
  112  9:25  Overseer  
  112  9:26  Drone x2  
  116  9:31  Mutalisk x5  
  116  9:32  Mutalisk  
  116  9:36  Drone x3  
  116  9:38  Mutalisk, Drone  
  134  9:53  Baneling  
  134  9:54  Baneling x8  
  134  9:56  Drone x2  
  134  9:57  Drone x7  
  134  9:59  Extractor  
  142  10:01  Extractor  
  142  10:02  Baneling x4  
  141  10:07  Baneling x7  
  141  10:08  Zergling x4  
  141  10:25  Zergling x18  
  141  10:26  Zergling x12  
  141  10:28  Baneling x4  
  136  10:42  Baneling x9  
Tags
 
Add a new tag
Caveats
  • Supply blocks, unpowered buildings, or Contaminate may cause inaccurate times.
  • Supply counts are checked every 10 seconds.